Map: Frozen Temple

Players

Fropez - Winner!

  • Race: Protoss Protoss
  • League: Gold
  • Spawn Location: 5:00

Death

  • Race: Zerg Zerg
  • League: Gold
  • Spawn Location: 11:00

VOD

Have the link to the VOD?

Description

Time

  • Played on: Oct. 28, 2016, 11:43 a.m.
  • Length: 13:33
Show
View Real Time Build Order
Export as new Build Order

Fropez Protoss - Winner!

Build Orders: 1 Gate Expand 

Get SALT Encoding   

  12  0:01  Probe (Chrono Boost)  
  13  0:12  Probe (Chrono Boost)  
  14  0:19  Pylon  
  14  0:22  Probe (Chrono Boost)  
  15  0:37  Probe (Chrono Boost)  
  15  0:40  Gateway  
  16  0:48  Probe (Chrono Boost)  
  17  1:06  Probe (Chrono Boost)  
  18  1:26  Nexus  
  18  1:28  Pylon, Assimilator  
  18  1:35  Cybernetics Core  
  18  1:54  Gateway  
  18  2:07  Probe (Chrono Boost)  
  19  2:09  Assimilator  
  19  2:12  Warp Gate (Chrono Boost)  
  19  2:27  Probe, Gateway  
  20  2:36  Probe  
  20  2:42  Adept  
  23  2:45  Adept  
  25  2:53  Pylon  
  25  2:54  Probe  
  26  2:59  Mothership Core  
  28  3:06  Probe  
  29  3:14  Adept  
  31  3:22  Pylon  
  31  3:24  Probe  
  32  3:37  Pylon  
  32  3:38  Probe  
  32  3:40  Probe  
  34  3:56  Twilight Council  
  34  3:59  Probe  
  34  4:01  Gateway  
  31  4:39  Assimilator  
  31  4:48  Robotics Facility  
  31  4:49  Robotics Facility  
  31  4:51  Resonating Glaives  
  31  4:54  Pylon  
  31  4:55  Adept x3  
  37  5:04  Probe  
  38  5:13  Stalker  
  40  5:16  Stalker  
  42  5:24  Probe  
  42  5:26  Assimilator  
  42  5:28  Stalker  
  45  5:29  Stalker  
  47  5:38  Stalker  
  49  5:44  Immortal (Chrono Boost)  
  55  6:05  Immortal (Chrono Boost)  
  55  6:09  Probe  
  55  6:10  Probe  
  57  6:14  Gateway  
  57  6:20  Pylon  
  57  6:29  Pylon  
  57  6:38  Probe x2  
  59  6:41  Adept x3  
  57  7:01  Pylon x2  
  57  7:02  Pylon  
  55  7:12  Blink  
  52  7:18  Pylon  
  46  7:33  Adept x3  
  46  7:34  Adept x2  
  52  7:40  Probe  
  53  7:48  Probe  
  54  7:52  Probe  
  55  8:00  Probe  
  55  8:02  Pylon  
  55  8:05  Probe  
  57  8:12  Probe  
  58  8:15  Pylon  
  58  8:17  Probe  
  58  8:18  Immortal (Chrono Boost)  
  63  8:21  Immortal (Chrono Boost)  
  65  8:58  Adept x3  
  65  8:59  Adept x2  
  57  9:23  Adept x3  
  63  9:36  Nexus  
  63  9:38  Pylon  
  63  9:41  Forge  
  63  9:45  Gateway  
  63  9:47  Probe x2  
  65  9:54  Adept x3  
  65  9:59  Warp Prism (Chrono Boost)  
  73  10:06  Gateway  
  70  10:26  Adept  
  70  10:27  Adept x2  
  72  10:44  Adept  
  74  10:50  Gateway  
  74  10:52  Probe  
  74  10:53  Probe  
  74  10:54  Gateway  
  74  10:55  Pylon  
  76  11:00  Probe  
  76  11:02  Probe  
  78  11:07  Adept x2  
  78  11:08  Adept x2  
  86  11:29  Gateway  
  86  11:31  Probe  
  86  11:33  Probe  
  86  11:34  Probe  
  86  11:37  Photon Cannon  
  79  11:47  Pylon  
  79  11:48  Stalker  
  79  11:49  Stalker x3  
  83  12:10  Probe  
  83  12:12  Probe  
  83  12:15  Pylon, Gateway  
  85  12:18  Immortal  
  89  12:33  Adept x3  
  89  12:34  Adept x2  
  99  12:44  Probe  
  99  12:46  Probe  
  99  12:51  Nexus  
  97  13:18  Adept  
  97  13:19  Adept x5  
Show
View Real Time Build Order
Export as new Build Order

Death Zerg 

Build Orders: Hatch First 

Get SALT Encoding   

  12  0:01  Drone  
  13  0:10  Drone  
  14  0:19  Extractor, Drone  
  15  0:27  Overlord  
  15  0:45  Drone x3  
  18  1:00  Hatchery  
  18  1:01  Drone  
  18  1:04  Extractor  
  18  1:09  Drone  
  18  1:18  Drone  
  19  1:27  Spawning Pool  
  19  1:29  Drone  
  19  1:41  Drone  
  20  1:52  Overlord  
  20  2:01  Drone  
  20  2:15  Drone x2  
  22  2:17  Queen  
  22  2:18  Queen  
  26  2:25  Drone x2  
  26  2:27  Roach Warren  
  27  2:33  Drone x2  
  29  2:47  Drone x2  
  31  2:54  Lair  
  31  3:00  Drone x2  
  31  3:03  Extractor  
  32  3:05  Drone  
  32  3:08  Extractor, Drone  
  33  3:13  Baneling Nest  
  33  3:18  Drone x2  
  34  3:34  Zergling x4  
  34  3:39  Overlord  
  34  3:40  Overlord  
  36  3:54  Overlord  
  36  3:55  Overlord x2  
  36  3:58  Overseer  
  36  4:00  Roach x2  
  36  4:01  Roach x3  
  44  4:27  Drone x3  
  44  4:28  Drone  
  46  4:42  Centrifical Hooks  
  46  4:44  Glial Reconstitution  
  46  4:47  Roach x5  
  56  5:02  Zergling x4  
  56  5:12  Roach x5  
  66  5:21  Roach  
  66  5:28  Zergling x8  
  70  5:45  Metabolic Boost  
  70  5:58  Roach x3  
  70  5:59  Roach  
  72  6:04  Roach x4  
  66  6:12  Overlord  
  66  6:13  Overlord x3  
  66  6:23  Overseer  
  66  6:28  Zergling x6  
  66  6:30  Baneling  
  66  6:31  Baneling x6  
  66  6:32  Baneling  
  69  6:38  Roach  
  71  6:42  Zergling x2  
  64  6:54  Zergling x8  
  64  6:55  Zergling x4  
  56  7:09  Zergling x2  
  56  7:10  Zergling x2  
  45  7:23  Zergling x2  
  45  7:24  Zergling x2  
  40  7:38  Zergling x10  
  40  7:39  Zergling x4  
  40  7:41  Spine Crawler  
  44  7:56  Roach x3  
  50  8:02  Roach x2  
  54  8:09  Evolution Chamber  
  53  8:15  Roach x4  
  53  8:16  Roach x2  
  65  8:30  Baneling x7  
  65  8:31  Baneling x6  
  65  8:32  Zergling x4  
  67  8:40  Roach x2  
  61  8:50  Roach x2  
  61  8:54  Roach  
  43  9:20  Queen  
  43  9:21  Zergling x4  
  43  9:22  Zergling x6  
  42  9:25  Zergling x2  
  43  9:36  Drone x4  
  47  9:56  Baneling x7  
  47  9:57  Baneling x5  
  47  10:11  Drone x6  
  41  10:30  Zergling x2  
  41  10:31  Zergling x6  
  41  10:35  Zerg Ground Armor Level 1  
  37  10:43  Zergling x4  
  39  10:53  Baneling x5  
  39  10:54  Spine Crawler, Baneling x3  
  39  10:56  Roach x2  
  42  11:04  Spine Crawler  
  41  11:05  Zergling x2  
  41  11:06  Zergling x8  
  46  11:24  Zergling x6  
  46  11:25  Zergling x6  
  35  12:04  Zergling x12  
  35  12:05  Zergling x2  
  42  12:13  Zergling x12  
  42  12:14  Zergling x2  
  42  12:31  Zergling x4  
  44  12:39  Zergling x8  
  44  12:40  Zergling x4  
  50  12:48  Roach x2  
  54  13:07  Zergling x14  
Tags
 
Add a new tag
Caveats
  • Supply blocks, unpowered buildings, or Contaminate may cause inaccurate times.
  • Supply counts are checked every 10 seconds.